 Dungeon Crawl Stone Soup version 0.29.0-13-gc9e81de378 (webtiles) character file.

Game seed: 18233465576192694537

2516 Persephone the Fighter (level 9, 0/93 HPs)
             Began as a Purple Draconian Fighter on Sept 7, 2022.
             Was a Follower of Qazlal.
             Slain by Dowan
             ... wielding a +0 dagger
              (2 damage)
             ... on level 6 of the Dungeon.
             The game lasted 00:11:56 (7280 turns).

Persephone the Fighter (Purple Draconian Fighter)   Turns: 7280, Time: 00:11:58

Health: 0/93       AC:  9    Str: 21    XL:     9   Next: 29%
Magic:  9/9        EV: 12    Int:  8    God:    Qazlal [*.....]
Gold:   630        SH:  6    Dex: 13    Spells: 8/8 levels left

rFire   . . .      SeeInvis +   a - +0 flail
rCold   . . .      Faith    .   b - +0 buckler
rNeg    . . .      Spirit   .   (body armour unavailable)
rPois   .          Reflect  .   t - +1 hat {SInv}
rElec   .          Harm     .   o - +0 cloak
rCorr   .          Rampage  .   (no gloves)
Will    +....                   (no boots)
Stlth   +.........              (no amulet)
HPRegen 0.25/turn               (no ring)
MPRegen 0.11/turn               (no ring)

@: studying Fighting
A: breathe power, AC +7, unfitting armour, cold-blooded
a: Breathe Dispelling Energy, Renounce Religion


You were on level 6 of the Dungeon.
You worshipped Qazlal.
Qazlal was aware of your devotion.
You visited 2 branches of the dungeon, and saw 8 of its levels.

You collected 630 gold pieces.

Inventory:

Hand Weapons
 a - a +0 flail (weapon)
Missiles
 i - 9 silver javelins
Armour
 b - a +0 buckler (worn)
 o - a +0 cloak (worn)
 t - a +1 hat of see invisible (worn)
Jewellery
 v - a ring of protection from fire
Wands
 r - a wand of digging (5)
Scrolls
 e - a scroll of identify
 f - a scroll of amnesia
 g - 3 scrolls of vulnerability
 h - 5 scrolls of teleportation
 l - 2 scrolls of noise {unknown}
 m - 3 scrolls of butterflies {unknown}
 n - 2 scrolls of summoning {unknown}
 p - 2 scrolls of magic mapping {unknown}
 s - 2 scrolls of immolation {unknown}
Potions
 c - a potion of might
 d - a potion of curing
 k - a potion of flight


   Skills:
 + Level 13.0 Fighting
 + Level 9.8 Maces & Flails
 - Level 2.6 Dodging
 - Level 3.0 Shields


You had 8 spell levels left.
You didn't know any spells.
Your spell library contained the following spells:

 Spells                   Type           Power      Damage    Failure   Level
 Beastly Appendage        Tmut           0%         N/A       50%         1
 Wereblood                Tmut           0%         N/A       65%         2
 Frozen Ramparts          Ice            0%         1d1       86%         3
 Spider Form              Tmut/Pois      0%         N/A       86%         3
 Stone Arrow              Conj/Erth      0%         3d7       86%         3
 Ice Form                 Ice/Tmut       0%         N/A       99%         4
 Summon Ice Beast         Ice/Summ       0%         N/A       99%         4
 Lehudib's Crystal Spear  Conj/Erth      0%         10d2      100%        8
 Animate Armour           Summ/Erth      Unusable   N/A       N/A         4

Dungeon Overview and Level Annotations

Branches:
Dungeon (7/15)             Temple (1/1) D:4

Altars:
Ashenzari
Dithmenos
Elyvilon
Fedhas
Gozag
Hepliaklqana
Kikubaaqudgha
Makhleb
Okawaru
Qazlal
Sif Muna
Trog
Vehumet
Zin
The Shining One

Annotations:
D:6 Blork the orc, Dowan, Pikel


Innate Abilities, Weirdness & Mutations

You can breathe bolts of dispelling energy.
Your rich purple scales are hard. (AC +7)
You cannot fit into any form of body armour.
You are cold-blooded and may be slowed by cold attacks.


Message History

Dowan gestures at you while chanting. The shard of ice hits you!!
You barely miss the ice beast. The ice beast closely misses you.
The ice beast hits you. The ice beast freezes you!
You feel yourself slow down.
You hit the ice beast but do no damage.
Dowan mumbles some strange words.
Dowan blinks!
The ice beast barely misses you.
You sock the ice beast!
The ice beast is moderately wounded.
You feel yourself speed up. You block the ice beast's attack.
The ice beast hits you but does no damage.
You barely miss the ice beast.
The ice beast is moderately wounded.
You barely miss the ice beast.
The ice beast is moderately wounded.
The ice beast hits you but does no damage.
You hit the ice beast but do no damage.
Your tail-slap misses the ice beast.
The ice beast is moderately wounded.
You block Dowan's attack. The ice beast hits you. The ice beast freezes you!
You feel yourself slow down.
* * * LOW HITPOINT WARNING * * *
Dowan barely misses you.
You closely miss Dowan.
Your tail-slap misses Dowan.
Dowan is lightly wounded.
The hiss of flowing sand is almost imperceptible now.
Dowan casts a spell at you. The stone arrow hits you!
* * * LOW HITPOINT WARNING * * *
The ice beast barely misses you. Dowan hits you but does no damage.
You block the ice beast's attack.
You sock Dowan!
Dowan is severely wounded.
You feel yourself speed up. Dowan hits you but does no damage.
Dowan breathes, "And she was my only..."
Dowan hits you with a +0 dagger.
* * * LOW HITPOINT WARNING * * *
The ice beast closely misses you. Dowan hits you with a +0 dagger.
You die...

.....##.## .........# #.
..#.$....# ##...
........###......#
#...............
#.#............# #
.#.#.....##.......# ## ..
.......#e..##....# #....
##.##.)Y@........#### ....#
#. #.###..)......... ?.#.#
... ... #.#†.........
....###.#...#.###............
........##.##.......$>...###
o.o.e#.........#........##
.........# #............#
.?.....#.# #.#..##!.......
....†....###....###...##...


You could see an ice beast and Dowan (fast).

Vanquished Creatures
  6 yaks (D:7)
  Duvessa (D:6)
  An ice beast (D:7)
  A sky beast (D:7)
  A centaur (D:6)
  2 bullfrogs
  A gnoll sergeant (D:5)
  2 scorpions
  3 howler monkeys
  3 hounds
  2 jellies
  2 orc priests (D:6)
  3 iguanas
  Natasha (twice) (D:2)
  7 orc wizards
  12 gnolls (D:5)
  2 river rats (D:3)
  8 adders
  A white imp (D:5)
  3 ufetubi (D:5)
  3 worms
  6 dart slugs
  12 orcs
  7 ball pythons
  14 endoplasms
  4 giant cockroaches
  4 goblins
  7 hobgoblins
  7 jackals
  3 quokkas
  8 bats
  2 frilled lizards
  8 kobolds
  8 rats
  A spectral orc (D:4)
157 creatures vanquished.

Notes
Turn   | Place    | Note
-------+----------+-------------------------------------------
     0 | D:1      | Persephone the Draconian Fighter began the quest for the
                  | Orb.
     0 | D:1      | Reached XP level 1. HP: 19/19 MP: 1/1
   234 | D:1      | Reached XP level 2. HP: 19/26 MP: 2/2
   319 | D:1      | Found a faded altar of an unknown god.
  1245 | D:2      | Reached XP level 3. HP: 31/31 MP: 3/3
  1507 | D:2      | Reached XP level 4. HP: 38/38 MP: 4/4
  1732 | D:2      | Noticed Natasha
  1745 | D:2      | Killed Natasha
  1746 | D:2      | Reached skill level 5 in Maces & Flails
  1997 | D:2      | Noticed Natasha
  2010 | D:2      | Killed Natasha
  2011 | D:2      | Reached XP level 5. HP: 46/46 MP: 5/5
  2399 | D:3      | Reached skill level 4 in Fighting
  2727 | D:3      | Reached skill level 5 in Fighting
  2996 | D:3      | Identified the +1 ring mail of the Equinox {rC+ rN+}
  3031 | D:3      | Found a blossoming altar of Fedhas.
  3065 | D:3      | Reached XP level 6. HP: 51/56 MP: 6/6
  3842 | D:4      | Reached skill level 6 in Fighting
  4032 | D:4      | Found a glowing silver altar of Zin.
  4300 | D:4      | Reached skill level 7 in Fighting
  4300 | D:4      | Your scales start taking on a rich purple colour.
  4300 | D:4      | Reached XP level 7. HP: 45/66 MP: 7/7
  4483 | D:4      | Found a hazy altar of Hepliaklqana.
  4765 | D:4      | Found a staircase to the Ecumenical Temple.
  4811 | Temple   | Entered the Ecumenical Temple
  4824 | Temple   | Became a worshipper of Qazlal Stormbringer
  4961 | D:5      | Entered Level 5 of the Dungeon
  5261 | D:5      | HP: 2/67 [gnoll/+0 spear[a gnoll sergeant] (7)]
  5262 | D:5      | Reached skill level 8 in Fighting
  5271 | D:5      | HP: 2/68 [gnoll/+0 spear[a gnoll sergeant] (6)]
  5783 | D:5      | Found a glowing golden altar of the Shining One.
  5785 | D:5      | Found a white marble altar of Elyvilon.
  5786 | D:5      | Found a shadowy altar of Dithmenos.
  5787 | D:5      | Found an ancient bone altar of Kikubaaqudgha.
  5882 | D:5      | Reached skill level 9 in Fighting
  6229 | D:5      | Reached XP level 8. HP: 64/78 MP: 8/8
  6660 | D:6      | Reached * piety under Qazlal
  6695 | D:6      | Noticed Duvessa
  6699 | D:6      | Noticed Dowan
  6749 | D:6      | Identified a scroll of acquirement
  6749 | D:6      | Acquired 361 gold pieces
  6788 | D:6      | Killed Duvessa
  6789 | D:6      | Reached skill level 10 in Fighting
  6800 | D:6      | Noticed Pikel
  6801 | D:6      | Noticed Blork the orc
  6990 | D:7      | Reached skill level 11 in Fighting
  7008 | D:7      | Reached skill level 12 in Fighting
  7013 | D:7      | Reached XP level 9. HP: 77/90 MP: 9/9
  7272 | D:6      | Reached skill level 13 in Fighting
  7279 | D:6      | HP: 4/93 [Dowan/stone arrow (10)]
  7280 | D:6      | Slain by Dowan

Illustrated notes

Levels and vault maps discovered:
D:1:      dpeg_arrival_round_c, layout_basic, ebering_ecumenical_altar_rust
D:2:      layout_loops_ring, minmay_distorted, uniq_natasha
D:3:      minmay_evil_eye, layout_basic, mainiacjoe_overflow_surrounded_room,
          portal_sewer_entry_a, minmay_surrounded
D:4:      layout_loops_ring, nicolae_hepliaklqana_monster_ancestors,
          zin_academy, minmay_temple_entry_glass
D:5:      layout_loops_ring, mainiacjoe_overflow_alcove_3
D:6:      layout_cave_pools, serial_shops, shop, enter_ossuary_1,
          minmay_fractal_squares_5, uniq_duvessa, uniq_blork_the_orc,
          uniq_pikel, uniq_maggie
D:7:      layout_basic
Temple:   nicolae_temple_ecumenical_triangle

Skill      XL: |  1  2  3  4  5  6  7  8  9 |
---------------+----------------------------+-----
Maces & Flails | 4 5 6 7 9 |  9.8
Fighting       | 5 7 9 12 13 | 13.0
Dodging        | |  2.6
Shields        | |  3.0

Action                   |  1- 3 |  4- 6 |  7- 9 || total
-------------------------+-------+-------+-------++-------
Melee: Flail             |    70 |   237 |   248 ||   555
       Tailslap          |     7 |    21 |    25 ||    53
Throw: Javelin           |     3 |       |       ||     3
 Abil: Breathe Dispellin |       |       |     9 ||     9
  Use: Potion            |       |     1 |     8 ||     9
       Scroll            |       |       |     7 ||     7
 Stab: Sleeping          |     1 |     1 |       ||     2
Armor: Skin              |    29 |    98 |    88 ||   215
Dodge: Dodged            |    44 |   187 |   151 ||   382
Block: Buckler           |    15 |    73 |    63 ||   151
